 Dungeon Sprint DCSS version 0.26-a0-540-g8a0c9464d7 (webtiles) character file.

Game seed: 4878389572045388195

10491 HoaS the Brawler (level 11, -14/107 HPs)
             Began as a Ghoul Gladiator on Aug 19, 2020.
             Was the Champion of Makhleb.
             Demolished by an orc warrior
             ... wielding a +0 trident
              (23 damage)
             ... in the Dungeon (Sprint IX: "|||||||||||||||||||||||||||||").
             The game lasted 00:06:11 (1258 turns).

HoaS the Brawler (Ghoul Gladiator)                  Turns: 1258, Time: 00:06:12

Health: -14/107    AC: 19    Str: 20    XL:     11   Next: 62%
Magic:  10/10      EV: 12    Int:  3    God:    Makhleb [******]
Gold:   659        SH:  0    Dex: 15    Spells: 10/10 levels left

rFire    . . .     SeeInvis .     - Unarmed
rCold    + . .     Faith    .   (no shield)
rNeg     + + +     Spirit   .   a - +0 plate armour
rPois    ∞         Reflect  .   m - +0 helmet
rElec    .         Harm     .   (no cloak)
rCorr    .         NoTele   +   (no gloves)
MR       .....                  l - +1 pair of boots
Stlth    ..........             (no amulet)
HPRegen  0.00/turn              o - +3 ring of dexterity
MPRegen  0.12/turn              (no ring)

@: no status effects
A: rotting body, claws 1, cold resistance 1, negative energy resistance 3,
inhibited regeneration, torment resistance, unbreathing
a: Minor Destruction, Lesser Servant of Makhleb, Major Destruction, Greater
Servant of Makhleb, Renounce Religion


You were in the Dungeon.
You worshipped Makhleb.
Makhleb was exalted by your worship.
You visited 1 branch You collected 659 gold pieces.

Inventory:

Armour
 a - a +0 plate armour (worn)
 l - a +1 pair of boots (worn)
 m - a +0 helmet (worn)
Jewellery
 o - a +3 ring of dexterity (left claw)
Wands
 k - a wand of acid (10)
Scrolls
 h - 3 scrolls of blinking
 i - 4 scrolls of remove curse
 j - 2 scrolls of amnesia
 p - 2 scrolls of identify
 q - a scroll of fog
 r - 2 scrolls of enchant weapon
 s - a scroll of fear
Potions
 d - 6 potions of curing
 e - 9 potions of heal wounds
 f - a potion of invisibility
 g - 4 potions of magic
Miscellaneous
 b - a lightning rod (4/4)


   Skills:
 + Level 13.0 Fighting
 - Level 1.7 Throwing
 + Level 11.0 Armour
 + Level 11.3 Dodging
 * Level 20.0 Unarmed Combat


You had 10 spell levels left.
You didn't know any spells.
Your spell library was empty.

Dungeon Overview and Level Annotations

Branches:
Dungeon (1/1)

Altars:
Cheibriados
Dithmenos
Elyvilon
Fedhas
Gozag
Hepliaklqana
Kikubaaqudgha
Makhleb
Nemelex Xobeh
Okawaru
Qazlal
Ru
Sif Muna
Trog
Uskayaw
Vehumet
Wu Jian
Xom
Yredelemnul
Zin
The Shining One
Beogh
Jiyva
Lugonu


Innate Abilities, Weirdness & Mutations

Your body is rotting away.
You thrive by killing the living.
You are immune to poison.
You have sharp fingernails.
Your flesh is cold resistant. (rC+)
You are immune to negative energy. (rN+++)
You do not regenerate when monsters are visible.
You are immune to unholy pain and torment.
You can survive without breathing.


Message History

The orc knight roars a battlecry!
The orc warriors go into a battle-frenzy!
You mangle the orc knight!!
You kill the orc knight!
Makhleb accepts your kill.
You feel better.
Your Fighting skill increases to level 13!
Your Armour skill increases to level 11!
Your Unarmed Combat skill increases to level 20!
The orc warrior hits you with a +1 long sword of draining!
* * * LOW HITPOINT WARNING * * *
The orc warrior hits you from afar with a +0 trident.
* * * LOW HITPOINT WARNING * * *
An orc warrior comes into view. It is wielding a +0 flail.
Items here: )) [[ ††.
The orc warrior shouts!
You claw the orc warrior!
The orc warrior is moderately wounded.
The orc warrior hits you from afar with a +0 trident!!
You die...

_______________________'....÷'...
▓▓▓▓▓▓▓▓▓▓▓▓▓▓▓▓▓▓▓▓▓▓▓▓▓▓▓▓▓▓▓▓▓
.................................
▓▓▓▓▓▓▓▓▓▓▓▓▓▓▓▓▓▓▓▓▓▓▓▓▓▓▓▓▓▓▓▓▓
.......††......†††'.......(.....'
▓▓▓▓▓▓▓▓▓▓▓▓▓▓▓▓▓▓▓▓▓▓▓▓▓▓▓▓▓▓▓▓▓
.................................
▓▓▓▓▓▓▓▓▓▓▓▓▓▓▓▓▓▓▓▓▓▓▓▓▓▓▓▓▓▓▓▓▓
oo$o$ooooo@)...)[))))...[..
▓▓▓▓▓▓▓▓▓▓▓▓▓▓▓▓▓▓▓▓▓▓▓▓▓▓▓


You could see 6 orc warriors.

Vanquished Creatures
  Gastronok (D)
  3 hydras (D)
  A death yak (D)
  2 orc high priests (D)
  An orc knight (D)
  A black mamba (D)
  3 cane toads (D)
  A gargoyle (D)
  A komodo dragon (D)
  2 tyrant leeches (D)
  A blink frog (D)
  A wraith (D)
  A basilisk (D)
  2 vampire mosquitoes (D)
  2 water moccasins (D)
  4 porcupines (D)
  5 orc warriors (D)
  An ice beast (D)
  A centaur (D)
  6 bullfrogs (D)
  A scorpion (D)
  A killer bee (D)
  2 hounds (D)
  An orc priest (D)
  An iguana (D)
  2 worker ants (D)
  An adder skeleton (D)
  9 orcs (D)
  A bat zombie (D)
  A giant cockroach (D)
  A hobgoblin (D)
  A quokka (D)
  A frilled lizard (D)
  2 kobolds (D)
  A quokka zombie (D)
66 creatures vanquished.

Notes
Turn   | Place    | Note
-------+----------+-------------------------------------------
     0 | D        | HoaS the Ghoul Gladiator began the quest for the Orb.
     0 | D        | Reached XP level 1. HP: 17/17 MP: 0/0
     6 | D        | Reached skill level 4 in Unarmed Combat
    11 | D        | Reached skill level 5 in Unarmed Combat
    30 | D        | Noticed an iguana
    30 | D        | Noticed a hound
    38 | D        | Killed a hound
    38 | D        | Reached skill level 7 in Unarmed Combat
    38 | D        | Reached XP level 2. HP: 11/24 MP: 1/1
    38 | D        | Reached XP level 3. HP: 13/29 MP: 2/2
    45 | D        | Reached skill level 8 in Unarmed Combat
    45 | D        | Reached XP level 4. HP: 4/36 MP: 3/3
    47 | D        | Reached skill level 9 in Unarmed Combat
   327 | D        | Found a roughly hewn altar of Beogh.
   327 | D        | Found a snail-covered altar of Cheibriados.
   327 | D        | Found a shadowy altar of Dithmenos.
   327 | D        | Found a white marble altar of Elyvilon.
   327 | D        | Found a blossoming altar of Fedhas.
   327 | D        | Found an opulent altar of Gozag.
   328 | D        | Found a hazy altar of Hepliaklqana.
   329 | D        | Found a viscous altar of Jiyva.
   330 | D        | Found an ancient bone altar of Kikubaaqudgha.
   331 | D        | Found a corrupted altar of Lugonu.
   332 | D        | Found a burning altar of Makhleb.
   333 | D        | Found a sparkling altar of Nemelex Xobeh.
   334 | D        | Found an iron altar of Okawaru.
   335 | D        | Found a stormy altar of Qazlal.
   336 | D        | Found a sacrificial altar of Ru.
   337 | D        | Found a shimmering blue altar of Sif Muna.
   338 | D        | Found a bloodstained altar of Trog.
   339 | D        | Found a hide-covered altar of Uskayaw.
   340 | D        | Found a radiant altar of Vehumet.
   342 | D        | Became a worshipper of Makhleb the Destroyer
   344 | D        | Found an ornate altar of the Wu Jian Council.
   345 | D        | Found a shimmering altar of Xom.
   346 | D        | Found a basalt altar of Yredelemnul.
   347 | D        | Found a glowing silver altar of Zin.
   348 | D        | Found a glowing golden altar of the Shining One.
   404 | D        | Noticed a gargoyle
   404 | D        | Noticed a centaur
   409 | D        | Reached skill level 10 in Unarmed Combat
   416 | D        | Reached XP level 5. HP: 38/41 MP: 4/4
   421 | D        | Killed a centaur
   421 | D        | Reached * piety under Makhleb
   421 | D        | Reached skill level 12 in Unarmed Combat
   421 | D        | Reached skill level 1 in Armour
   427 | D        | Killed a gargoyle
   427 | D        | Reached ** piety under Makhleb
   427 | D        | Reached skill level 5 in Fighting
   427 | D        | Reached skill level 13 in Unarmed Combat
   427 | D        | Reached XP level 6. HP: 26/56 MP: 5/5
   427 | D        | Reached XP level 7. HP: 28/61 MP: 6/6
   597 | D        | Noticed a wraith
   597 | D        | Noticed a five-headed hydra
   608 | D        | Killed a five-headed hydra
   608 | D        | Reached skill level 5 in Armour
   608 | D        | Reached skill level 14 in Unarmed Combat
   608 | D        | Reached XP level 8. HP: 58/73 MP: 7/7
   611 | D        | Reached skill level 15 in Unarmed Combat
   631 | D        | Reached *** piety under Makhleb
   639 | D        | Killed a wraith
   758 | D        | Reached XP level 9. HP: 82/82 MP: 8/8
   760 | D        | Reached **** piety under Makhleb
   771 | D        | Reached skill level 16 in Unarmed Combat
   779 | D        | Reached ***** piety under Makhleb
   791 | D        | Noticed a death yak
   791 | D        | Noticed a komodo dragon
   791 | D        | Noticed a cane toad
   791 | D        | Noticed a black mamba
   791 | D        | Noticed a cane toad
   796 | D        | Killed a cane toad
   796 | D        | Noticed a five-headed hydra
   798 | D        | Noticed a five-headed hydra
   805 | D        | Noticed a cane toad
   813 | D        | Killed a death yak
   813 | D        | Reached skill level 10 in Fighting
   813 | D        | Reached skill level 17 in Unarmed Combat
   813 | D        | Reached XP level 10. HP: 93/93 MP: 9/9
   816 | D        | Killed a black mamba
   821 | D        | Killed a cane toad
   828 | D        | Killed a five-headed hydra
   828 | D        | Reached skill level 18 in Unarmed Combat
   832 | D        | Killed a five-headed hydra
   835 | D        | Killed a cane toad
   835 | D        | Reached skill level 10 in Dodging
   850 | D        | Reached ****** piety under Makhleb
   861 | D        | Reached XP level 11. HP: 104/104 MP: 10/10
   870 | D        | Reached skill level 10 in Armour
   914 | D        | Noticed Gastronok
   929 | D        | Killed Gastronok
   929 | D        | Reached skill level 19 in Unarmed Combat
  1118 | D        | Noticed an orc high priest
  1139 | D        | Killed an orc high priest
  1211 | D        | Noticed an orc knight
  1211 | D        | Noticed an orc high priest
  1216 | D        | Killed an orc high priest
  1256 | D        | Killed an orc knight
  1256 | D        | Reached skill level 20 in Unarmed Combat
  1258 | D        | Demolished by an orc warrior

Illustrated notes

Levels and vault maps discovered:
D:        linesprint [early_d, line_temple, items_1, d_10, items_2, lair_1,
          lair_end, items_3, orc_1, orc_end, items_4, d_15, swamp_1, shoals_1,
          snake_1, spider_1, d_20, vaults_1, items_5, swamp_end, shoals_end,
          snake_end, spider_end, vaults_end, d_27, items_6, zot_1, zot_end,
          crypt_end, forest_end, elf_end, slime_end, tomb_end, abyss_end,
          pan_hell_end]

Skill      XL: |  1  2  3  4  5  6  7  8  9 10 11 |
---------------+----------------------------------+-----
Unarmed Combat | 7 8 10 13 14 15 17 18 20 | 20.0
Armour         | 3 5 6 8 9 11 | 11.0
Dodging        | 4 6 7 8 10 11 | 11.3
Fighting       | 5 7 8 10 11 13 | 13.0
Throwing       | |  1.7

Action                   |  1- 3 |  4- 6 |  7- 9 | 10-12 || total
-------------------------+-------+-------+-------+-------++-------
Melee: Unarmed           |    20 |    29 |    84 |   123 ||   256
       Punch             |       |       |     6 |    11 ||    17
Throw: Throwing net      |       |       |       |     3 ||     3
Evoke: Lightning rod     |       |       |       |     1 ||     1
  Use: Potion            |     1 |       |     1 |       ||     2
       Scroll            |       |       |       |     1 ||     1
Armor: Leather armour    |     1 |     1 |       |       ||     2
       Chain mail        |       |     9 |    30 |    19 ||    58
       Plate armour      |       |       |       |     1 ||     1
Dodge: Dodged            |     5 |     8 |    32 |    48 ||    93

Table legend: (Time is in decaauts)
 A = Elapsed time spent in this place.
 B = Non-inter-level travel time spent in this place.
 C = Inter-level travel time spent in this place.
 D = Time resting spent in this place.
 E = Time spent auto-exploring this place.
 F = Levels seen in this place.
 G = Mean time per level.
                   A        B        C        D        E       F      G
               +--------+--------+--------+--------+--------+-----+--------+
         Total |   1167 |   1167 |      0 |    555 |    133 |   1 | 1167.0 |
       Dungeon |   1167 |   1167 |      0 |    555 |    133 |   1 | 1167.0 |
               +--------+--------+--------+--------+--------+-----+--------+

Top non-repeatable levels by time:
       D: 1167 daAuts
